 Dungeon Crawl Stone Soup version 0.21.1-72-gffa868e0fe (webtiles) character file.

4981 Crag the Thaumaturge (level 10, 0/74 HPs)
             Began as a Gnoll Wizard on Aug 4, 2018.
             Was a Priest of Cheibriados.
             Slain by an orc warrior
             ... wielding a +0 short sword
              (11 damage)
             ... on level 8 of the Dungeon.
             The game lasted 01:00:43 (11093 turns).

Crag the Thaumaturge (Gnoll Wizard)                Turns: 11093, Time: 01:00:45

Health: 0/74       AC: 11    Str: 21    XL:     10   Next: 53%
Magic:  21/23      EV: 14    Int: 30    God:    Cheibriados [***...]
Gold:   444        SH:  0    Dex: 20    Spells: 13/27 levels left

rFire    + + .     SeeInvis .   L - +1 flail (drain)
rCold    + . .     Gourm    .   (no shield)
rNeg     . . .     Faith    .   C - +2 leather armour {rC+}
rPois    .         Spirit   .   A - +1 helmet
rElec    .         Reflect  .   K - +0 cloak
rCorr    .         Harm     .   f - +2 pair of gloves "Fofred" {rF+}
MR       .....                  (no boots)
Stlth    +.........             m - amulet of magic regeneration
HPRegen  0.22/turn              v - +3 ring of intelligence
MPRegen  0.43/turn              E - ring of protection from fire

@: confused, very heavily drained, very slow
A: distributed training, fangs 1, strong nose
a: Bend Time, Temporal Distortion, Renounce Religion


You were on level 8 of the Dungeon.
You worshipped Cheibriados.
Cheibriados was most pleased with you.
You were not hungry.

You visited 2 branches of the dungeon, and saw 10 of its levels.

You collected 444 gold pieces.

Inventory:

Hand Weapons
 l - a +0 flail
 F - a -1 short sword
 G - a +0 shortbow
 L - a +1 flail of draining (weapon)
Missiles
 i - 73 sling bullets
 q - 192 stones
 r - 115 arrows
 u - 20 bolts
 I - 14 tomahawks (quivered)
 M - 12 poisoned needles
Armour
 a - a +0 robe
 b - a +0 hat
 f - the +2 pair of gloves "Fofred" (worn) {rF+}
   (You found it on level 6 of the Dungeon)

   It protects you from fire.
 p - a +0 robe of resistance
 y - a +0 scale mail
 A - a +1 helmet (worn)
 C - a +2 leather armour of cold resistance (worn)
 J - a +1 chain mail of cold resistance
 K - a +0 cloak (worn)
Jewellery
 m - an amulet of magic regeneration (around neck)
 v - a +3 ring of intelligence (left hand)
 E - a ring of protection from fire (right hand)
Wands
 o - a wand of digging (18)
 z - a wand of iceblast (8)
 O - a wand of clouds (4)
Scrolls
 e - a scroll of magic mapping
 k - 2 scrolls of fear
 s - a scroll of identify
 t - a scroll of amnesia
 B - a scroll of random uselessness {unknown}
 D - a scroll of teleportation
 H - a scroll of enchant armour
Potions
 g - 2 potions of curing
 h - a potion of degeneration {unknown}
 j - 2 potions of ambrosia {unknown}
 n - a potion of agility {unknown}
 w - a potion of brilliance {unknown}
 x - 3 potions of lignification {unknown}
 N - a potion of berserk rage {unknown}
Books
 c - a book of Minor Magic

   Spells                             Type                      Level
   a - Magic Dart                     Conjuration                  1
   b - Blink                          Translocation                2
   c - Call Imp                       Summoning                    2
   d - Slow                           Hexes                        2
   e - Conjure Flame                  Conjuration/Fire             3
   f - Mephitic Cloud                 Conjuration/Poison/Air       3
 P - a book of Necromancy

   Spells                             Type                      Level
   a - Pain                           Necromancy                   1
   b - Animate Skeleton               Necromancy                   1
   c - Vampiric Draining              Necromancy                   3
   d - Regeneration                   Charms/Necromancy            3
   e - Animate Dead                   Necromancy                   4
   f - Borgnjor's Vile Clutch         Necromancy/Earth             5
 R - a book of Maledictions

   Spells                             Type                      Level
   a - Corona                         Hexes                        1
   b - Ensorcelled Hibernation        Hexes/Ice                    2
   c - Confuse                        Hexes                        3
   d - Tukima's Dance                 Hexes                        3
   e - Dazzling Spray                 Conjuration/Hexes            3
Comestibles
 d - 13 rations


   Skills:
 + Level 5.2(1.7) Fighting
 + Level 5.2(1.7) Short Blades
 + Level 5.2(1.7) Long Blades
 + Level 5.2(1.7) Axes
 + Level 5.2(1.7) Maces & Flails
 + Level 5.2(1.7) Polearms
 + Level 5.2(1.7) Staves
 + Level 5.2(1.7) Slings
 + Level 5.2(1.7) Bows
 + Level 5.2(1.7) Crossbows
 + Level 5.2(1.7) Throwing
 + Level 5.2(1.7) Armour
 + Level 7.1(3.4) Dodging
 + Level 6.8(3.1) Stealth
 + Level 5.2(1.7) Shields
 + Level 5.2(1.7) Unarmed Combat
 + Level 9.0(5.1) Spellcasting
 + Level 4.9(1.4) Conjurations
 + Level 4.3(0.9) Hexes
 + Level 4.3(0.9) Charms
 + Level 4.9(1.4) Summonings
 + Level 4.3(0.9) Necromancy
 + Level 4.9(1.4) Translocations
 + Level 4.3(0.9) Transmutations
 + Level 4.3(0.9) Fire Magic
 + Level 4.3(0.9) Ice Magic
 + Level 4.3(0.9) Air Magic
 + Level 4.3(0.9) Earth Magic
 + Level 4.3(0.9) Poison Magic
 + Level 5.8(2.2) Invocations
 + Level 5.2(1.7) Evocations


You had 13 spell levels left.
You knew the following spells:

 Your Spells              Type           Power        Failure   Level  Hunger
a - Magic Dart            Conj           ###.         3%          1    None
b - Mephitic Cloud        Conj/Pois/Air  ##......     12%         3    None
c - Blink                 Tloc           N/A          5%          2    None
d - Regeneration          Chrm/Necr      ##........   14%         3    None
e - Borgnjor's Vile Clut  Necr/Erth      ##........   77%         5    #####..


Dungeon Overview and Level Annotations

Branches:
Dungeon (9/15)             Temple (1/1) D:5
   Lair: D:8-11         Orc: D:9-12

Altars:
Ashenzari
Cheibriados
Dithmenos
Elyvilon
Gozag
Hepliaklqana
Kikubaaqudgha
Makhleb
Nemelex Xobeh
Okawaru
Qazlal
Ru
Uskayaw
Vehumet
Xom
Yredelemnul
Zin
The Shining One

Annotations:
D:5 Crag's ghost, novice DrFi
D:8 ExaRaiun's ghost, novice GrFi
D:9 plate's ghost, novice GnWn


Innate Abilities, Weirdness & Mutations

Your experience applies equally to all skills.
You have very sharp teeth.
Your uncanny sense of smell can sniff out nearby items.


Message History

You bump into the rock wall.
You are engulfed in noxious fumes.
You choke on the stench!
You are more confused.
* * * LOW HITPOINT WARNING * * *
The orc warrior is engulfed in noxious fumes.
You closely miss the orc warrior.
You bite the orc warrior, but do no damage.
The orc warrior is moderately wounded.
You are engulfed in noxious fumes.
You choke on the stench!
You are more confused.
* * * LOW HITPOINT WARNING * * *
The orc warrior is engulfed in noxious fumes.
The orc warrior appears confused.
You barely miss the orc warrior.
The orc warrior is moderately wounded.
You are engulfed in noxious fumes.
You choke on the stench!
You are more confused.
* * * LOW HITPOINT WARNING * * *
The orc warrior hits you with a short sword!
You die...

# .#
#.##..
###...)..
#oo......
#@# ∆
#o.§...#
###.##.#
... ##. #
∆


You could see an orc warrior (confused) and 2 orcs.

Vanquished Creatures
  A two-headed ogre (D:4)
  The ghost of Fames the Slicer, a novice MiBe of Trog (D:7)
  A slime creature (D:6)
  Sigmund (D:4)
  A steam dragon (D:7)
  Menkaure (D:6)
  Edmund (D:6)
  Duvessa (D:4)
  An orc warrior (D:6)
  A water moccasin (D:5)
  2 ice beasts
  A sky beast (D:6)
  2 black bears
  A necrophage (D:6)
  3 ogres
  3 centaurs
  6 bullfrogs
  2 scorpions
  Dowan (D:4)
  A howler monkey (D:5)
  5 crimson imps
  3 jellies (D:6)
  2 centaur zombies
  A bullfrog skeleton (D:5)
  A hound (D:7)
  3 orc priests
  Ijyb (D:3)
  Jessica (D:2)
  Terence (D:3)
  2 iguanas
  5 orc wizards
  2 worker ants (D:5)
  A hound zombie (D:5)
  Robin (D:3)
  A howler monkey skeleton (D:5)
  8 adders
  2 shadow imps
  17 oozes
  2 adder zombies
  An adder skeleton (D:4)
  2 dart slugs
  8 leopard geckos
  24 orcs
  8 giant cockroaches
  15 goblins
  10 hobgoblins
  22 jackals
  12 kobolds
  7 quokkas
  3 ball pythons
  4 bats
  7 frilled lizards
  A jackal zombie (D:5)
  A leopard gecko skeleton (D:8)
  A quokka skeleton (D:7)
  A quokka zombie (D:6)
  11 rats
229 creatures vanquished.

Vanquished Creatures (others)
  9 fungi (D:6)
9 creatures vanquished.

Grand Total: 238 creatures vanquished

Notes
Turn   | Place    | Note
-------+----------+-------------------------------------------
     0 | D:1      | Crag the Gnoll Wizard began the quest for the Orb.
     0 | D:1      | Reached XP level 1. HP: 13/13 MP: 8/8
   117 | D:1      | Reached XP level 2. HP: 19/19 MP: 6/10
   471 | D:1      | Reached XP level 3. HP: 25/25 MP: 8/11
   896 | D:1      | Found a shimmering altar of Xom.
   983 | D:1      | Reached skill level 1 in Invocations
  1156 | D:2      | Reached skill level 1 in Fighting
  1156 | D:2      | Reached skill level 1 in Short Blades
  1156 | D:2      | Reached skill level 1 in Long Blades
  1156 | D:2      | Reached skill level 1 in Axes
  1156 | D:2      | Reached skill level 1 in Maces & Flails
  1156 | D:2      | Reached skill level 1 in Polearms
  1156 | D:2      | Reached skill level 1 in Staves
  1156 | D:2      | Reached skill level 1 in Slings
  1156 | D:2      | Reached skill level 1 in Bows
  1156 | D:2      | Reached skill level 1 in Crossbows
  1156 | D:2      | Reached skill level 1 in Throwing
  1156 | D:2      | Reached skill level 1 in Armour
  1156 | D:2      | Reached skill level 1 in Shields
  1156 | D:2      | Reached skill level 1 in Unarmed Combat
  1156 | D:2      | Reached skill level 1 in Evocations
  1205 | D:2      | Learned a level 3 spell: Mephitic Cloud
  1295 | D:2      | Reached XP level 4. HP: 24/32 MP: 8/13
  1626 | D:2      | Noticed Jessica
  1630 | D:2      | Killed Jessica
  1630 | D:2      | Reached skill level 1 in Hexes
  1630 | D:2      | Reached skill level 1 in Charms
  1630 | D:2      | Reached skill level 1 in Necromancy
  1630 | D:2      | Reached skill level 1 in Transmutations
  1630 | D:2      | Reached skill level 1 in Fire Magic
  1630 | D:2      | Reached skill level 1 in Ice Magic
  1630 | D:2      | Reached skill level 1 in Air Magic
  1630 | D:2      | Reached skill level 1 in Earth Magic
  1630 | D:2      | Reached skill level 1 in Poison Magic
  1956 | D:2      | Reached XP level 5. HP: 37/37 MP: 10/14
  1996 | D:2      | Found a white marble altar of Elyvilon.
  1997 | D:2      | Found a shimmering altar of Xom.
  2846 | D:3      | Noticed Terence
  3244 | D:3      | Noticed Ijyb
  3266 | D:3      | Killed Ijyb
  3266 | D:3      | Reached XP level 6. HP: 30/44 MP: 10/16
  3429 | D:3      | Noticed Robin
  3496 | D:3      | Killed Robin
  3689 | D:3      | Killed Terence
  3871 | D:4      | Noticed Dowan
  3930 | D:4      | Reached skill level 5 in Dodging
  4041 | D:4      | Noticed a two-headed ogre
  4046 | D:5      | Entered Level 5 of the Dungeon
  4056 | D:5      | Learned a level 2 spell: Blink
  4359 | D:5      | Noticed Crag's ghost (novice DrFi)
  4674 | D:5      | Noticed an ice beast
  4707 | D:5      | Killed an ice beast
  4707 | D:5      | Reached XP level 7. HP: 30/50 MP: 18/18
  5391 | D:5      | Found a staircase to the Ecumenical Temple.
  5398 | Temple   | Entered the Ecumenical Temple
  5510 | Temple   | Became a worshipper of Cheibriados the Contemplative
  5663 | D:6      | Reached skill level 5 in Stealth
  5721 | D:6      | Noticed Edmund
  5724 | D:6      | Noticed Menkaure
  5938 | D:6      | Noticed a slime creature
  6077 | D:6      | Reached XP level 8. HP: 22/56 MP: 13/19
  6373 | D:6      | Killed Menkaure
  6586 | D:6      | Reached skill level 8 in Spellcasting
  6600 | D:6      | Got a pair of distressingly furry gloves
  6612 | D:6      | Identified the +2 pair of gloves "Fofred" {rF+} (You found it on level 6 of the Dungeon)
  6685 | D:6      | HP: 2/57 [sky beast (6)]
  6772 | D:6      | Reached * piety under Cheibriados
  7219 | D:6      | Killed Edmund
  7219 | D:6      | Reached XP level 9. HP: 16/65 MP: 21/21
  7869 | D:4      | Killed a two-headed ogre
  7911 | D:4      | Noticed Sigmund
  7930 | D:4      | Killed Sigmund
  8278 | D:4      | Noticed Duvessa
  8299 | D:4      | Killed Dowan
  8451 | D:4      | Killed Duvessa
  8651 | D:5      | Reached skill level 5 in Invocations
  9064 | D:6      | Reached ** piety under Cheibriados
  9257 | D:6      | Reached XP level 10. HP: 37/73 MP: 22/22
  9636 | D:7      | Noticed Fames's ghost (novice MiBe)
 10117 | D:7      | Reached skill level 5 in Fighting
 10117 | D:7      | Reached skill level 5 in Short Blades
 10117 | D:7      | Reached skill level 5 in Long Blades
 10117 | D:7      | Reached skill level 5 in Axes
 10117 | D:7      | Reached skill level 5 in Maces & Flails
 10117 | D:7      | Reached skill level 5 in Polearms
 10117 | D:7      | Reached skill level 5 in Staves
 10117 | D:7      | Reached skill level 5 in Slings
 10117 | D:7      | Reached skill level 5 in Bows
 10117 | D:7      | Reached skill level 5 in Crossbows
 10117 | D:7      | Reached skill level 5 in Throwing
 10117 | D:7      | Reached skill level 5 in Armour
 10117 | D:7      | Reached skill level 5 in Shields
 10117 | D:7      | Reached skill level 5 in Unarmed Combat
 10117 | D:7      | Reached skill level 5 in Evocations
 10123 | D:7      | Reached *** piety under Cheibriados
 10535 | D:7      | Learned a level 3 spell: Regeneration
 10650 | D:7      | Killed Fames's ghost
 10737 | D:8      | Learned a level 5 spell: Borgnjor's Vile Clutch
 10877 | D:8      | Reached skill level 9 in Spellcasting
 10884 | D:8      | Noticed ExaRaiun's ghost (novice GrFi)
 11035 | D:9      | Noticed plate's ghost (novice GnWn)
 11093 | D:8      | Slain by an orc warrior

Skill      XL: |  1  2  3  4  5  6  7  8  9 10 |
---------------+-------------------------------+-----
Conjurations   | 2 3 4 |  4.9
Summonings     | 2 3 4 |  4.9
Translocations | 2 3 4 |  4.9
Invocations    | 1 2 3 4 5 |  5.8
Fighting       | 1 2 3 4 5 |  5.2
Short Blades   | 1 2 3 4 5 |  5.2
Long Blades    | 1 2 3 4 5 |  5.2
Axes           | 1 2 3 4 5 |  5.2
Maces & Flails | 1 2 3 4 5 |  5.2
Polearms       | 1 2 3 4 5 |  5.2
Staves         | 1 2 3 4 5 |  5.2
Slings         | 1 2 3 4 5 |  5.2
Bows           | 1 2 3 4 5 |  5.2
Crossbows      | 1 2 3 4 5 |  5.2
Throwing       | 1 2 3 4 5 |  5.2
Armour         | 1 2 3 4 5 |  5.2
Shields        | 1 2 3 4 5 |  5.2
Unarmed Combat | 1 2 3 4 5 |  5.2
Evocations     | 1 2 3 4 5 |  5.2
Hexes          | 1 2 3 4 |  4.3
Charms         | 1 2 3 4 |  4.3
Necromancy     | 1 2 3 4 |  4.3
Transmutations | 1 2 3 4 |  4.3
Fire Magic     | 1 2 3 4 |  4.3
Ice Magic      | 1 2 3 4 |  4.3
Air Magic      | 1 2 3 4 |  4.3
Earth Magic    | 1 2 3 4 |  4.3
Poison Magic   | 1 2 3 4 |  4.3
Dodging        | 5 6 7 |  7.1
Stealth        | 5 6 |  6.8
Spellcasting   | 8 9 |  9.0

Action                   |  1- 3 |  4- 6 |  7- 9 | 10-12 || total
-------------------------+-------+-------+-------+-------++-------
Melee: Unarmed           |     3 |       |       |       ||     3
       Dagger            |     8 |       |       |       ||     8
       Mace              |       |    13 |       |       ||    13
       Bite              |       |    10 |    34 |    25 ||    69
       Flail             |       |    42 |    78 |   162 ||   282
       Trident           |       |    28 |   263 |       ||   291
       Punch             |       |       |     7 |     8 ||    15
 Cast: Magic Dart        |    54 |   225 |   177 |    39 ||   495
       Mephitic Cloud    |       |     1 |    17 |     1 ||    19
       Blink             |       |       |     7 |       ||     7
       Regeneration      |       |       |       |     1 ||     1
  Use: Scroll            |     5 |     6 |     5 |       ||    16
       Potion            |     2 |     1 |     3 |       ||     6
 Stab: Confused          |       |       |    11 |       ||    11
       Distracted        |       |       |     2 |       ||     2
       Sleeping          |       |       |     2 |     7 ||     9
  Eat: Chunk             |     1 |     9 |     5 |     3 ||    18
       Ration            |       |       |     2 |       ||     2
Armor: Robe              |     1 |    14 |       |       ||    15
       Leather armour    |       |    11 |    87 |    71 ||   169
Dodge: Dodged            |    10 |   113 |   199 |   155 ||   477
